 Dungeon Crawl Stone Soup version 0.29-a0-341-g24ffce5b50 (webtiles) character file.

Game seed: 16336273247560469051

2276 spaghetti the Digger (level 9, -2/76 HPs)
             Began as a Naga Gladiator on Apr 20, 2022.
             Was a Follower of Okawaru.
             Slain by a killer bee (5 damage)
             ... on level 7 of the Dungeon.
             The game lasted 00:15:16 (6355 turns).

spaghetti the Digger (Naga Gladiator)               Turns: 6355, Time: 00:15:17

Health: -2/76      AC: 12    Str: 17    XL:     9   Next: 39%
Magic:  10/13      EV: 16    Int: 19    God:    Okawaru [*.....]
Gold:   311        SH:  0    Dex: 12    Spells: 4/14 levels left

rFire   . . .      SeeInvis +   h - +3 spear (venom) {polearm}
rCold   . . .      Faith    .   (no shield)
rNeg    . . .      Spirit   .   v - +0 steam dragon scales
rPois   +          Reflect  .   c - +0 helmet
rElec   .          Harm     .   w - +0 cloak
rCorr   .          Rampage  .   p - +0 pair of gloves
Will    +....                   (no barding)
Stlth   +++.......              m - amulet of regeneration {@e2}
HPRegen 1.02/turn               f - +6 ring of intelligence
MPRegen 0.13/turn               C - +4 ring of evasion

@: lethally poisoned (-2 -> -2), heroic, wereblooded, flying, very slow
A: AC +3, large, see invisible, deformed body, poison resistance, slowness 2,
spit poison 1, naga tail 1, deterioration 1
a: Spit Poison, Renounce Religion, Heroism


You were on level 7 of the Dungeon.
You worshipped Okawaru.
Okawaru was aware of your devotion.
You visited 2 branches of the dungeon, and saw 8 of its levels.

You collected 311 gold pieces.


Innate Abilities, Weirdness & Mutations

Your serpentine skin is tough. (AC +3)
You have supernaturally acute eyesight. (SInv)
Armour fits poorly on your strangely shaped body.
Your system is resistant to poisons. (rPois)
You cover ground very slowly.
You can spit poison.
You have a snake-like lower body.
Your body sometimes deteriorates upon taking damage.


   Skills:
 * Level 3.5(8.5) Fighting
 - Level 3.0(8.0) Axes
 - Level 1.7(6.7) Throwing
 * Level 5.5(10.5) Armour
 - Level 2.4(7.4) Dodging
 + Level 3.1 Spellcasting
 + Level 3.5 Conjurations
 - Level 4.7 Summonings
 + Level 0.3 Transmutations
 * Level 6.1 Earth Magic


You had 4 spell levels left.
You knew the following spells:

 Your Spells              Type           Power      Damage    Failure   Level
a - Foxfire               Conj/Fire      36%        2x1d5     8%          1
b - Animate Armour        Summ/Erth      46%        N/A       16%         4
c - Stone Arrow           Conj/Erth      42%        3d9       6%          3
d - Wereblood             Tmut           4%         N/A       21%         2

Your spell library contained the following spells:

 Spells                   Type           Power      Damage    Failure   Level
 Sandblast                Erth           52%        2d12      1%          1
 Passwall                 Tmut/Erth      12%        N/A       6%          2
 Beastly Appendage        Tmut           8%         N/A       14%         1
 Ensorcelled Hibernation  Hex/Ice        4%         N/A       22%         2
 Conjure Flame            Conj/Fire      9%         6-21      22%         3
 Spider Form              Tmut/Pois      3%         N/A       38%         3
 Confusing Touch          Hex            2%         N/A       41%         3
 Gell's Gravitas          Tloc           2%         N/A       41%         3
 Inner Flame              Hex/Fire       2%         N/A       41%         3
 Lesser Beckoning         Tloc           2%         N/A       41%         3
 Ozocubu's Armour         Ice            2%         N/A       41%         3
 Swiftness                Air            2%         N/A       41%         3
 Teleport Other           Tloc           2%         N/A       41%         3
 Flame Wave               Conj/Fire      9%         2d5       58%         4
 Irradiate                Conj/Tmut      5%         3d15      88%         5
 Iron Shot                Conj/Erth      10%        9d3       97%         6
 Blade Hands              Tmut           2%         N/A       98%         5
 Yara's Violent Unravell  Hex/Tmut       1%         3d3       98%         5
 Metabolic Englaciation   Hex/Ice        1%         N/A       99%         5
 Dragon Form              Tmut           2%         N/A       100%        7
 Enfeeble                 Hex            1%         N/A       100%        7
 Simulacrum               Ice/Necr       Unusable   N/A       N/A         6

Inventory:

Hand Weapons
 a - a +0 war axe {axe}
 h - a +3 spear of venom (weapon) {polearm}
   (You took it off a gnoll sergeant on level 7 of the Dungeon)
 k - a +1 whip of electrocution {mace}
   (You took it off a kobold on level 1 of the Dungeon)
 E - a +3 flail of protection {mace}
   (You took it off an orc on level 5 of the Dungeon)
Missiles
 d - 6 throwing nets {=f!fthrowing}
 e - a javelin {throwing}
 g - 294 stones (quivered) {throwing}
 j - 4 boomerangs {throwing}
 z - 5 poisoned darts {throwing}
 B - 2 atropa-tipped darts {throwing}
Armour
 b - a +0 leather armour
 c - a +0 helmet (worn)
 p - a +0 pair of gloves (worn)
   (You found it on level 2 of the Dungeon)
 v - +0 steam dragon scales (worn)
   (You found it on level 6 of the Dungeon)
 w - a +0 cloak (worn)
   (You found it on level 3 of the Dungeon)
Jewellery
 f - a +6 ring of intelligence (left hand)
   (You found it on level 1 of the Dungeon)
 l - a ring of positive energy
   (You found it on level 6 of the Dungeon)
 m - an amulet of regeneration (around neck) {@e2}
   (You found it on level 1 of the Dungeon)
 C - a +4 ring of evasion (right hand)
   (You found it on level 5 of the Dungeon)
Wands
 G - a wand of polymorph (13)
   (You found it on level 7 of the Dungeon)
Scrolls
 i - 4 scrolls of teleportation {@r4}
 n - a scroll of torment {!r}
 q - a scroll of blinking {!r}
 r - 4 scrolls of identify {@r1}
 s - 2 scrolls of enchant weapon {unknown}
 t - 3 scrolls of noise {unknown}
 y - a scroll of silence {unknown}
 A - 2 scrolls of magic mapping {unknown}
 F - a scroll of immolation {unknown}
Potions
 o - a potion of might
 u - 2 potions of degeneration {!q@e2}
 H - a potion of attraction {!q}

Dungeon Overview and Level Annotations

Branches:
Dungeon (7/15)             Temple (1/1) D:6

Altars:
Ashenzari
Cheibriados
Dithmenos
Fedhas
Gozag
Hepliaklqana
Kikubaaqudgha
Nemelex Xobeh
Okawaru
Qazlal
Ru
Sif Muna
Trog
Uskayaw
Vehumet
Wu Jian
Xom
Yredelemnul
Zin
The Shining One

Shops:
D:2 =

Annotations:
D:7 2 runed translucent doors

.... #.##....###.
(.........##.##..<####.
##...................#..
#.((.................#..
#.........##.....##.####
..................###
#..$..............#
##...y.†.........##
#....y@..........#
##...y...........#
##.#...##..###### #
#########


You could see 3 killer bees.


Message History

The killer bee closely misses you. 😮 HP[+1]
You closely miss the killer bee.
The killer bee stings you but does no damage.
The killer bee stings you.
The killer bee stings you but does no damage. x3
The killer bee closely misses you. The killer bee barely misses you.
The killer bee closely misses you. The killer bee misses you. x4 😮 HP[-5]
You take 5 damage, and now have 51/76 hp.
Unknown command.
You barely miss the killer bee.
You feel a bit better.
You kill the killer bee!
Okawaru accepts your kill.
The killer bee stings you. x2; The killer bee barely misses you. x2
The killer bee closely misses you. x2
The killer bee stings you but does no damage.
The killer bee closely misses you. The killer bee barely misses you.
The killer bee stings you. 😮 HP[-4]
You take 4 damage, and now have 47/76 hp.
You hit the killer bee. The killer bee misses you.
The killer bee stings you but does no damage.
The killer bee stings you.
You are poisoned.
The killer bee poisons you! The killer bee stings you.
The killer bee misses you. x2; The killer bee stings you.
The killer bee closely misses you.
The killer bee stings you but does no damage. x2 😮 HP[-8]
You take 8 damage, and now have 39/76 hp.
You puncture the killer bee!
The killer bee looks as sick as possible!
You feel very sick.
You feel a bit better.
You kill the killer bee!
Okawaru accepts your kill. The killer bee barely misses you.
The killer bee stings you.
* * * LOW HITPOINT WARNING * * *
The killer bee barely misses you.
The killer bee stings you but does no damage.
The killer bee closely misses you.
The killer bee stings you but does no damage.
The killer bee stings you.
* * * LOW HITPOINT WARNING * * *
The killer bee barely misses you. 😨 HP[-11] MP[+1]
You take 11 damage, and now have 28/76 hp.
You hit the killer bee.
You feel sick. The killer bee closely misses you. x2
The killer bee stings you but does no damage. x3
The killer bee misses you.
The killer bee stings you but does no damage.
The killer bee closely misses you.
You gain the combat prowess of a mighty hero.
You feel sick. The killer bee barely misses you.
The killer bee completely misses you. The killer bee closely misses you. x2
The killer bee stings you but does no damage. x2
The killer bee closely misses you. The killer bee stings you!
* * * LOW HITPOINT WARNING * * *
😱 HP[-9] MP[-2]
You take 9 damage, and now have 19/76 hp.
You lost 2 mp, and now have 10/13 mp.
You puncture the killer bee!
The killer bee looks as sick as possible!
You howl as the wereblood boils in your veins!
You feel sick.
You feel a bit better.
You kill the killer bee!
Okawaru accepts your kill. The killer bee misses you.
The killer bee stings you!
* * * LOW HITPOINT WARNING * * *
The killer bee stings you but does no damage. 😱 HP[-6]
You take 6 damage, and now have 13/76 hp.
You closely miss the killer bee. Your punch misses the killer bee.
You feel sick. The killer bee barely misses you. The killer bee misses you. x2
The killer bee closely misses you. The killer bee misses you.
The killer bee stings you.
* * * LOW HITPOINT WARNING * * *
😱 HP[-4]
You take 4 damage, and now have 9/76 hp.
It was a potion of flight.
You feel very buoyant.
You fly up into the air.
You feel sick. The killer bee stings you.
* * * LOW HITPOINT WARNING * * *
The killer bee misses you. The killer bee stings you.
* * * LOW HITPOINT WARNING * * *
The killer bee closely misses you.
The killer bee stings you but does no damage.
The killer bee misses you. 😱 HP[-2]
You take 2 damage, and now have 7/76 hp.
Okay, then.
Okay, then.
As you read the scroll labelled FOUMAI TEOSHIFF, it crumbles to dust.
It is a scroll of identify.
q - a scroll of blinking You feel sick.
The killer bee stings you.
* * * LOW HITPOINT WARNING * * *
The killer bee closely misses you. x2; The killer bee stings you.
You die...

Skill      XL: |  1  2  3  4  5  6  7  8  9 |
---------------+----------------------------+-----
Armour         | 1 2 3 4 5 |  5.5
Summonings     | 1 2 3 4 |  4.7
Earth Magic    | 1 2 3 4 5 6 |  6.1
Conjurations   | 1 2 3 |  3.5
Spellcasting   | 1 2 3 |  3.1
Fighting       | 3 |  3.5
Axes           | |  3.0
Throwing       | |  1.7
Dodging        | |  2.4
Transmutations | |  0.3

Action                   |  1- 3 |  4- 6 |  7- 9 || total
-------------------------+-------+-------+-------++-------
Melee: War axe           |    44 |       |       ||    44
       Whip              |    60 |   199 |     9 ||   268
       Punch             |     1 |     2 |     3 ||     6
       Flail             |       |       |   170 ||   170
       Spear             |       |       |    12 ||    12
Throw: Stone             |     3 |    28 |    33 ||    64
 Cast: Foxfire           |       |     3 |    11 ||    14
       Stone Arrow       |       |       |    15 ||    15
       Animate Armour    |       |       |     4 ||     4
       Wereblood         |       |       |     1 ||     1
Invok: Heroism           |       |       |     2 ||     2
 Abil: Spit Poison       |     1 |     7 |    15 ||    23
  Use: Potion            |     4 |     2 |    10 ||    16
       Scroll            |       |     4 |     2 ||     6
Armor: Leather armour    |    26 |    80 |    26 ||   132
       Skin              |    15 |     1 |       ||    16
       Steam dragon scal |       |       |    86 ||    86
Dodge: Dodged            |    72 |    99 |   244 ||   415

Levels and vault maps discovered:
D:1:      eino_arrival_cavern_a, layout_loops_corners,
          minmay_misc_feat_secret_circle, nicolae_figureground_sparkle
D:2:      wad_woods_settlement, layout_basic, serial_shops,
          nicolae_lakefront_shop, shapermc_ecumenical_altar_mp_highgroup,
          minmay_goblin_kobold_house
D:3:      layout_rooms
D:4:      layout_basic
D:5:      layout_loops_ring, grunt_dithmenos_smoke, uniq_grinder
D:6:      layout_loops_corners, minmay_temple_entry_gardened_gates,
          minmay_misc_feat_diagonals, minmay_fountain_box
D:7:      layout_cave_pools, minmay_misc_feat_alley, serial_park_tiny_pond,
          minmay_misc_feat_rows, minmay_hollow_rounded_squares, uniq_duvessa
Temple:   mainiacjoe_temple_bowtie_tessellation

Notes
Turn   | Place    | Note
-------+----------+-------------------------------------------
     0 | D:1      | spaghetti the Naga Gladiator began the quest for the Orb.
     0 | D:1      | Reached XP level 1. HP: 19/19 MP: 1/1
     0 | D:1      | magus.rc [v1.9.6]
   219 | D:1      | Reached skill level 1 in Armour
   219 | D:1      | Reached XP level 2. HP: 22/26 MP: 2/2
   851 | D:1      | You pick up a book of Iron and begin reading...
   851 | D:1      | You add the spells Animate Armour, Blade Hands and Iron
                  | Shot to your library.
   888 | D:1      | Reached skill level 2 in Armour
   888 | D:1      | Reached XP level 3. HP: 28/32 MP: 3/3
  1018 | D:1      | You pick up a book of Flames and begin reading...
  1018 | D:1      | You add the spells Foxfire, Conjure Flame, Inner Flame and
                  | Flame Wave to your library.
  1021 | D:1      | Learned a level 1 spell: Foxfire
  1436 | D:2      | Reached skill level 1 in Summonings
  1436 | D:2      | Reached skill level 1 in Earth Magic
  1440 | D:2      | Reached XP level 4. HP: 27/39 MP: 4/4
  1467 | D:2      | HP: 7/39 [/a scroll of torment (5)]
  1467 | D:2      | HP: 1/39 [gnoll/+0 halberd (7)]
  1575 | D:2      | Found Tekkat's Jewellery Shop.
  1695 | D:2      | Reached XP level 5. HP: 39/45 MP: 5/5
  1768 | D:2      | Reached skill level 2 in Earth Magic
  1788 | D:2      | You pick up a book of Misfortune and begin reading...
  1788 | D:2      | You add the spells Confusing Touch, Yara's Violent
                  | Unravelling and Enfeeble to your library.
  1802 | D:2      | Reached skill level 2 in Summonings
  2043 | D:3      | Reached skill level 3 in Armour
  2043 | D:3      | Reached XP level 6. HP: 47/52 MP: 6/6
  2091 | D:3      | You pick up a book of Burglary and begin reading...
  2091 | D:3      | You add the spells Passwall, Ensorcelled Hibernation and
                  | Swiftness to your library.
  2318 | D:3      | Learned a level 4 spell: Animate Armour
  2687 | D:4      | You pick up a book of Geomancy and begin reading...
  2687 | D:4      | You add the spells Sandblast and Stone Arrow to your
                  | library.
  3094 | D:4      | Reached skill level 3 in Earth Magic
  3675 | D:5      | Entered Level 5 of the Dungeon
  3675 | D:5      | Noticed a sky beast
  3688 | D:5      | Killed a sky beast
  3689 | D:5      | Reached skill level 3 in Summonings
  3740 | D:5      | Noticed a nameless horror
  3753 | D:5      | Killed a nameless horror
  3884 | D:5      | You pick up a book of Displacement and begin reading...
  3884 | D:5      | You add the spells Lesser Beckoning, Gell's Gravitas and
                  | Teleport Other to your library.
  3892 | D:5      | Noticed a sky beast
  3904 | D:5      | Killed a sky beast
  3905 | D:5      | Reached skill level 1 in Conjurations
  3905 | D:5      | Reached XP level 7. HP: 60/60 MP: 6/8
  3949 | D:5      | Found a shadowy altar of Dithmenos.
  4007 | D:5      | Reached skill level 1 in Spellcasting
  4084 | D:5      | Reached skill level 4 in Earth Magic
  4124 | D:5      | Noticed a yak
  4124 | D:5      | You fall into a shaft and drop 1 floor!
  4144 | D:6      | Reached skill level 4 in Armour
  4187 | D:6      | Learned a level 3 spell: Stone Arrow
  4201 | D:6      | You pick up a book of Winter and begin reading...
  4201 | D:6      | You add the spells Ozocubu's Armour, Metabolic Englaciation
                  | and Simulacrum to your library.
  4329 | D:6      | Reached skill level 2 in Conjurations
  4373 | D:6      | Reached XP level 8. HP: 67/67 MP: 10/10
  4387 | D:6      | Gained mutation: You have an increased reservoir of magic.
                  | (+10% MP) [potion of mutation]
  4387 | D:6      | Gained mutation: Potions are less effective at restoring
                  | your health. [potion of mutation]
  4388 | D:6      | Lost mutation: Potions are less effective at restoring your
                  | health. [potion of mutation]
  4388 | D:6      | Lost mutation: You have an increased reservoir of magic.
                  | (+10% MP) [potion of mutation]
  4388 | D:6      | Gained mutation: You are occasionally teleported next to
                  | monsters. [potion of mutation]
  4388 | D:6      | Gained mutation: You sometimes lose the ability to read
                  | scrolls when taking damage. [potion of mutation]
  4389 | D:6      | Lost mutation: You sometimes lose the ability to read
                  | scrolls when taking damage. [potion of mutation]
  4389 | D:6      | Lost mutation: You are occasionally teleported next to
                  | monsters. [potion of mutation]
  4389 | D:6      | Gained mutation: Your body sometimes deteriorates upon
                  | taking damage. [potion of mutation]
  4532 | D:6      | Noticed a hornet
  4541 | D:6      | Killed a hornet
  4542 | D:6      | Reached skill level 2 in Spellcasting
  4542 | D:6      | Reached skill level 4 in Summonings
  4642 | D:6      | Reached skill level 5 in Earth Magic
  4754 | D:6      | You pick up a book of Transfigurations {@e2} and begin
                  | reading...
  4754 | D:6      | You add the spells Irradiate and Dragon Form to your
                  | library.
  4778 | D:6      | Found a staircase to the Ecumenical Temple.
  4787 | Temple   | Entered the Ecumenical Temple
  5033 | Temple   | Became a worshipper of Warmaster Okawaru
  5612 | D:7      | Reached skill level 5 in Armour
  5686 | D:7      | Reached skill level 3 in Conjurations
  5688 | D:7      | HP: 17/68 [poisoned by a water moccasin]
  5774 | D:7      | Reached XP level 9. HP: 74/74 MP: 1/13
  6006 | D:7      | Found a large runed translucent door.
  6006 | D:7      | Found a large runed translucent door.
  6020 | D:7      | Reached skill level 3 in Fighting
  6062 | D:7      | Noticed Dowan
  6062 | D:7      | Noticed Duvessa
  6076 | D:7      | Killed Duvessa
  6078 | D:7      | Killed Dowan
  6078 | D:7      | Reached * piety under Okawaru
  6079 | D:7      | Reached skill level 3 in Spellcasting
  6175 | D:7      | Reached skill level 6 in Earth Magic
  6176 | D:7      | HP: 14/76 [gnoll sergeant/+3 spear of venom (9)]
  6183 | D:7      | HP: 15/76 [gnoll sergeant/+3 spear of venom (9)]
  6192 | D:7      | HP: 20/114 [gnoll/+0 spear (1)]
  6259 | D:7      | You pick up a book of Changes and begin reading...
  6259 | D:7      | You add the spells Beastly Appendage, Wereblood and Spider
                  | Form to your library.
  6297 | D:7      | Learned a level 2 spell: Wereblood
  6351 | D:7      | HP: 19/76 [killer bee (8)]
  6353 | D:7      | HP: 9/76 [killer bee (4)]
  6355 | D:7      | HP: 3/76 [killer bee (4)]
  6355 | D:7      | Slain by a killer bee

Vanquished Creatures
  A hornet (D:6)
  A nameless horror (D:5)
  A steam dragon (D:6)
  A water moccasin (D:7)
  Duvessa (D:7)
  A black bear (D:6)
  3 sky beasts (D:5)
  2 bullfrogs
  A gnoll sergeant (D:7)
  2 scorpions
  4 wights (D:7)
  Dowan (D:7)
  3 killer bees (D:7)
  A hound (D:7)
  A gnoll shaman (D:6)
  5 iguanas
  2 orc wizards (D:6)
  18 gnolls
  4 adders
  3 shadow imps
  A white imp (D:7)
  A worm (D:2)
  2 dart slugs (D:1)
  9 orcs
  10 ball pythons
  3 bats
  5 endoplasms
  6 giant cockroaches
  9 goblins
  8 hobgoblins
  10 kobolds
  5 quokkas
  3 frilled lizards (D:1)
  6 rats
134 creatures vanquished.

Vanquished Creatures (collateral kills)
  A water moccasin (D:6)
  A gnoll (D:6)
2 creatures vanquished.

Vanquished Creatures (others)
  25 foxfires
  30 plants (D:2)
55 creatures vanquished.

Grand Total: 191 creatures vanquished

Table legend:
 A = Non-vault XP
 B = Vault XP
 C = Vault XP percentage of total XP
 D = Non-vault monster count
 E = Vault monster count
 F = Vault count percentage of total count
                 A         B        C        D         E       F
            +---------+---------+-------+---------+---------+-------
      Total |    2989 |     263 |   8.1 |     122 |      13 |   9.6
            +---------+---------+-------+---------+---------+-------
        D:1 |      41 |       0 |   0.0 |      22 |       0 |   0.0
        D:2 |     103 |      58 |  36.0 |      18 |      11 |  37.9
        D:3 |     145 |       0 |   0.0 |      21 |       0 |   0.0
        D:4 |     103 |       0 |   0.0 |      15 |       0 |   0.0
        D:5 |     520 |       0 |   0.0 |       7 |       0 |   0.0
        D:6 |    1151 |       0 |   0.0 |      22 |       0 |   0.0
        D:7 |     926 |     205 |  18.1 |      17 |       2 |  10.5
            +---------+---------+-------+---------+---------+-------

Illustrated notes

Table legend:
 A = Kills in this place as a percentage of kills in entire the game.
 B = Kills by you in this place as a percentage of kills by you in the entire game.
 C = Kills by friends in this place as a percentage of kills by friends in the entire game.
 D = Other kills in this place as a percentage of other kills in the entire game.
 E = Experience gained in this place as a percentage of experience gained in the entire game.
 F = Experience gained in this place divided by the number of levels of this place that you have seen.
                   A       B       C       D       E      F
               +-------+-------+-------+-------+-------+----------------------
         Total | 100.0 | 100.0 | 100.0 |   N/A | 100.0 | 406.5
       Dungeon | 100.0 | 100.0 | 100.0 |   N/A | 100.0 | 464.6
               +-------+-------+-------+-------+-------+----------------------

Table legend: (Time is in decaauts)
 A = Elapsed time spent in this place.
 B = Non-inter-level travel time spent in this place.
 C = Inter-level travel time spent in this place.
 D = Time resting spent in this place.
 E = Time spent auto-exploring this place.
 F = Levels seen in this place.
 G = Mean time per level.
                   A        B        C        D        E       F      G
               +--------+--------+--------+--------+--------+-----+--------+
         Total |   8195 |   7947 |    248 |    491 |   6154 |   8 | 1024.4 |
       Dungeon |   7846 |   7628 |    218 |    491 |   5856 |   7 | 1120.9 |
        Temple |    348 |    318 |     30 |      0 |    297 |   1 |  348.0 |
               +--------+--------+--------+--------+--------+-----+--------+

Top non-repeatable levels by time:
     D:6: 1654 daAuts
     D:1: 1578 daAuts
     D:4: 1477 daAuts
     D:2: 1018 daAuts
     D:7: 780 daAuts
     D:3: 763 daAuts
     D:5: 574 daAuts
  Temple: 348 daAuts
